 Dungeon Crawl Stone Soup version 0.31-a0-851-g7ff8af7976 (webtiles) character file.

Game seed: 1886937020133132864

29 BritishOli the Trooper (level 3, 29/29 HPs)
             Began as a Demonspawn Fighter on Oct 6, 2023.
             Got out of the dungeon alive.
             The game lasted 00:00:43 (1013 turns).

BritishOli the Trooper (Demonspawn Fighter)         Turns: 1013, Time: 00:00:44

Health: 29/29      AC:  6    Str: 18    XL:     3   Next: 1%
Magic:  3/3        EV:  9    Int:  9    God:
Gold:   37         SH:  4    Dex: 12    Spells: 2/2 levels left

rFire   . . .        a - +0 war axe
rCold   . . .        c - +0 buckler
rNeg    . . .        b - +0 scale mail
rPois   .            (no helmet)
rElec   .            (no cloak)
rCorr   .            (no gloves)
SInv    .            (no boots)
Will    .....        (no amulet) Stlth
                     (no ring)
HPRegen 0.24/turn    (no ring)
MPRegen 0.16/turn

%: no passive effects
@: no status effects
A: magic regeneration, weakness stinger 1
a: no special abilities


You escaped.
You visited 1 branch of the dungeon, and saw 2 of its levels.

You collected 37 gold pieces.

Inventory:

Hand Weapons
 a - a +0 war axe (weapon)
Armour
 b - a +0 scale mail (worn)
 c - a +0 buckler (worn)
Scrolls
 f - a scroll of revelation {unknown}
 g - a scroll of butterflies {unknown}
 h - a scroll of identify {unknown}
Potions
 d - 2 potions of might
 e - 2 potions of attraction {unknown}
 i - a potion of brilliance {unknown}


   Skills:
 + Level 3.3 Fighting
 + Level 2.2 Axes
 + Level 3.0 Armour
 + Level 3.0 Shields


You had 2 spell levels left.
You didn't know any spells.
Your spell library contained the following spells:

 Spells                   Type           Power      Damage    Failure   Level
 Inner Flame              Hex/Fire       0%         N/A       99%         3
 Yara's Violent Unravell  Hex/Tmut       0%         3d3       100%        5
 Enfeeble                 Hex            0%         N/A       100%        7


Dungeon Overview and Level Annotations

Branches:
Dungeon (2/15)

Altars:


Innate Abilities, Weirdness & Mutations

You regenerate magic rapidly.
You have a small tail.


Message History

You start resting.
An endoplasm comes into view.
You are too injured to fight recklessly!
You are too injured to fight recklessly!
You are too injured to fight recklessly!
The endoplasm quivers.
Found 14 gold pieces.
You hit the endoplasm.
You kill the endoplasm!
i - a white potion You start resting.
HP restored.
A ball python and a hobgoblin come into view.
The ball python hisses angrily.
The hobgoblin shouts!
There are monsters nearby!
Found 10 gold pieces.
You block the ball python's attack. The ball python barely misses you.
There are monsters nearby!
You slash the ball python!
You kill the ball python!
A hobgoblin is nearby!
The hobgoblin hits you but does no damage.
A hobgoblin is nearby!
A hobgoblin is nearby!
You slash the hobgoblin!
You kill the hobgoblin!
You have reached level 3!
Your experience leads to an increase in your attributes!
Increase (S)trength, (I)ntelligence, or (D)exterity?
You feel stronger. x2; Your demonic ancestry asserts itself...
Your magic begins to regenerate rapidly.
Found a fuming yellow potion and a chain mail.
You see here a +0 chain mail.
There is a stone staircase leading up here.
You can't go down here!
You climb upwards.
There is a stone staircase leading down here.
There is an escape hatch in the floor here.
There is a staircase leading out of the dungeon here.
You have escaped!

#.####### #.# #
#.# ####
###############...
#.............>#..
#..#..#..#..#.....
#.................
#.................
#@............>##.
#..............##.
#...............#'
#..#..#..#..#.....
#.............>...
###############...
#.#.......###.....
#.#.#####...+.....
#...# #...........


There were no monsters in sight!

Vanquished Creatures
  2 adders (D:2)
  2 bats
  2 endoplasms (D:2)
  2 goblins (D:1)
  2 hobgoblins
  A ball python (D:2)
  A kobold (D:2)
12 creatures vanquished.

Notes
Turn   | Place    | Note
-------+----------+-------------------------------------------
     0 | D:1      | BritishOli the Demonspawn Fighter began the quest for the
                  | Orb.
     0 | D:1      | Reached XP level 1. HP: 18/18 MP: 1/1
   855 | D:2      | Found a faded altar of an unknown god.
   894 | D:2      | Gained mutation: You have a small tail. [demonic ancestry]
   894 | D:2      | Reached XP level 2. HP: 13/24 MP: 2/2
   970 | D:2      | Gained mutation: You regenerate magic rapidly. [demonic
                  | ancestry]
   970 | D:2      | Reached XP level 3. HP: 29/29 MP: 3/3
  1013 | D:$      | Got out of the dungeon alive.

Illustrated notes

Levels and vault maps discovered:
D:1:      lemuel_arrival_broad_hall, layout_loops_corners,
          nicolae_figureground_pulse
D:2:      minmay_evil_eye, layout_rooms, nicolae_ecumenical_pavilion,
          chequers_serial_rivers_micro_b, minmay_ruptured

Skill      XL: |  1  2 |
---------------+-------+-----
Axes           | 2 |  2.2
Armour         | 3 |  3.0
Shields        | 3 |  3.0
Fighting       | |  3.3

Action                     || total
---------------------------++-------
  Melee: War axe           ||    32
         Tailslap          ||     1
 Armour: Scale mail        ||    31
  Dodge: Dodged            ||    14
  Block: Buckler           ||    11

Table legend: (Time is in decaauts)
 A = Elapsed time spent in this place.
 B = Non-inter-level travel time spent in this place.
 C = Inter-level travel time spent in this place.
 D = Time resting spent in this place.
 E = Time spent auto-exploring this place.
 F = Levels seen in this place.
 G = Mean time per level.
                   A        B        C        D        E       F      G
               +--------+--------+--------+--------+--------+-----+--------+
         Total |   1027 |    951 |     76 |     46 |    808 |   2 |  513.5 |
       Dungeon |   1027 |    951 |     76 |     46 |    808 |   2 |  513.5 |
               +--------+--------+--------+--------+--------+-----+--------+

Top non-repeatable levels by time:
     D:1: 879 daAuts
     D:2: 147 daAuts
